 Dungeon Crawl Stone Soup version 0.24.0-1-gfbc8707 (webtiles) character file.

Game seed: 16245895357116622957, levelgen mode: deterministic

34025 Fang the Fighter (level 13, -9/90 HPs)
             Began as a Gargoyle Berserker on Oct 29, 2019.
             Was a High Priest of Trog.
             Killed from afar by a rime drake (17 damage)
             ... with a flash freeze
             ... on level 6 of the Lair of Beasts.
             The game lasted 00:20:59 (18392 turns).

Fang the Fighter (Gargoyle Berserker)              Turns: 18392, Time: 00:21:00

Health: -9/90      AC: 34    Str: 24    XL:     13   Next: 74%
Magic:  22/22      EV: 12    Int: 10    God:    Trog [*****.]
Gold:   1159       SH:  0    Dex: 15    Spells: 12/12 levels left

rFire    . . .     SeeInvis +   w - +0 battleaxe (chop)
rCold    . . .     Gourm    .   (shield currently unavailable)
rNeg     + . .     Faith    .   b - +3 plate armour
rPois    ∞         Spirit   .   (no helmet)
rElec    +         Reflect  .   n - +2 cloak
rCorr    +         Harm     .   x - +2 pair of gloves {Dex+3}
MR       ++...                  (no boots)
Stlth    ..........             A - amulet of the acrobat
HPRegen  1.25/turn              z - ring "Qeongoast" {MP+9 Dex+3 SInv}
MPRegen  0.18/turn              k - ring of resist corrosion

@: berserk cooldown, regenerating
A: negative energy resistance 1, electricity resistance, unbreathing,
petrification resistance, rot immunity, AC +9
a: Berserk, Trog's Hand, Brothers in Arms, Renounce Religion


You were on level 6 of the Lair of Beasts.
You worshipped Trog.
Trog was extremely pleased with you.
You were very hungry.

You visited 3 branches of the dungeon, and saw 19 of its levels.
You also visited: Sewer and Gauntlet.

You collected 1159 gold pieces.

Inventory:

Hand Weapons
 a - a +1 battleaxe
 w - a +0 battleaxe of chopping (weapon)
 B - a +1 antimagic battleaxe
Armour
 b - a +3 plate armour (worn)
 n - a +2 cloak (worn)
 x - a +2 pair of gloves of dexterity (worn)
Jewellery
 d - an uncursed ring of protection from fire
 k - a ring of resist corrosion (right hand)
 z - the ring "Qeongoast" (left hand) {MP+9 Dex+3 SInv}
   (You took it off a minotaur in a Gauntlet)

   [ring of magical power]

   It affects your dexterity (+3).
   It affects your magic capacity (+9).
   It lets you see invisible.
 A - an amulet of the acrobat (around neck)
Wands
 e - a wand of random effects (56)
 q - a wand of disintegration (28)
 v - a wand of polymorph (22)
 y - a wand of acid (19)
 C - a wand of paralysis (10)
 D - a wand of clouds (8)
 I - a wand of enslavement (6)
 J - a wand of iceblast (10)
Scrolls
 i - 5 scrolls of identify
 m - 4 scrolls of remove curse
 p - 4 scrolls of teleportation
 r - a scroll of summoning
 F - a scroll of fog
 G - a scroll of magic mapping
 K - a scroll of fear
Potions
 g - 5 potions of heal wounds
 h - 13 potions of curing
 j - a potion of flight
 l - a potion of resistance
 o - 2 potions of mutation
 s - 3 potions of invisibility
 t - a potion of haste
 u - 2 potions of agility
 E - 2 potions of might
Comestibles
 c - 26 rations
 f - 5 chunks of flesh


   Skills:
 * Level 14.1 Fighting
 * Level 12.1 Axes
 + Level 11.1 Armour
 + Level 8.7 Dodging


You had 12 spell levels left.
You didn't know any spells.
Your spell library was empty.

Dungeon Overview and Level Annotations

Branches:
Dungeon (12/15)            Temple (1/1) D:4            Lair (6/6) D:8
 Shoals (0/4) Lair:4       Spider (0/4) Lair:2        Slime (0/5) Lair:5
    Orc (0/2) D:9           Sewer (visited)         Gauntlet (visited)

Altars:
Gozag
Hepliaklqana
Makhleb
Nemelex Xobeh
Okawaru
Qazlal
Sif Muna
Zin
Jiyva

Shops:
D:6 ?

Annotations:
Lair:1 exclusion: 2 oklob plants
Lair:5 3 runed translucent doors, Adireryl's ghost, journeyman HOFi


Innate Abilities, Weirdness & Mutations

You are resistant to torment.
Your stone body is resilient. (AC +9)
You are immune to poison.
You resist negative energy. (rN+)
You are resistant to electric shocks. (rElec)
You can survive without breathing.
You are immune to petrification.
You are immune to rotting.


Message History

The rime drake breathes ice at you. The flash freeze misses you.
The lindwurm barely misses you. The lindwurm completely misses you.
The lindwurm barely misses you. The rime drake completely misses you.
The rime drake breathes ice at you. The flash freeze misses you.
The lindwurm completely misses you. The lindwurm claws you.
The lindwurm closely misses you.
You slash the lindwurm!
The lindwurm is moderately wounded.
You closely miss the rime drake.
You feel yourself speed up.
The lindwurm bites you but does no damage.
The lindwurm claws you but does no damage. x2
The rime drake barely misses you. The lindwurm breathes flames at you.
The blast of flame hits you!!
* * * LOW HITPOINT WARNING * * *
The rime drake breathes ice at you. The flash freeze hits you!
You die...

#.....#.## ..#
##....##..###...
#...............
##...............
#...............#
#.............#
#.#...÷<÷....#
#......÷....#
###.......@.#
#......kk.#
#...#.....#
#)....##...#
#....##....#
##...##....#
P....#....#
#.........#
.........#


You could see a lindwurm and a rime drake.

Vanquished Creatures
  A minotaur (Gauntlet)
  A green death (Gauntlet)
  4 unseen horrors
  4 ugly things
  A manticore (D:11)
  5 spiny frogs
  A black mamba (Lair:5)
  Psyche (D:10)
  2 orange demons (Gauntlet)
  6 rime drakes
  2 minotaur zombies (Gauntlet)
  4 komodo dragons
  A troll (D:12)
  A hornet (D:12)
  9 dream sheep (Lair:5)
  4 blink frogs (Lair:5)
  7 hippogriffs
  12 flying skulls (Gauntlet)
  2 wyverns
  A spriggan (D:10)
  A redback (shapeshifter) (Gauntlet)
  26 yaks
  A vampire (D:9)
  Eustachio (D:4)
  A basilisk (Lair:4)
  A hungry ghost (D:11)
  6 steam dragons (Lair:6)
  10 water moccasins
  7 porcupines
  A floating eye (Lair:1)
  5 orc warriors
  2 phantoms
  2 eyes of draining
  2 sky beasts
  6 ogres
  6 black bears
  2 ice beasts
  A necrophage (D:8)
  3 wolves
  3 centaurs
  8 crocodiles
  11 bullfrogs
  2 big kobolds
  A water moccasin skeleton (D:5)
  3 scorpions
  17 killer bees
  3 howler monkeys
  A quasit (D:12)
  8 crimson imps
  2 centaur zombies
  4 bullfrog zombies
  2 bullfrog skeletons
  5 jellies
  5 orc priests
  10 hounds
  3 centaur skeletons
  6 orc wizards
  2 iguanas
  3 worker ants
  A hound skeleton (D:8)
  Robin (D:3)
  7 gnolls (D:6)
  13 adders
  5 oozes
  2 adder zombies
  2 adder skeletons
  4 worms
  3 dart slugs
  5 leopard geckos
  30 orcs
  8 bats
  4 giant cockroaches
  16 goblins
  8 hobgoblins
  18 jackals
  15 kobolds
  3 quokkas
  2 ball pythons (D:4)
  9 frilled lizards
  A jackal skeleton (D:4)
  A leopard gecko skeleton (D:6)
  A leopard gecko zombie (D:6)
  A quokka skeleton (D:6)
  A quokka zombie (D:6)
  9 rats
  2 demonic plants (Gauntlet)
  9 fungi
  A withered plant (Gauntlet)
434 creatures vanquished.

Vanquished Creatures (collateral kills)
  2 hydras
  A yak (D:11)
  3 wolves (Lair:6)
  5 killer bees (D:11)
  A crimson imp (D:11)
12 creatures vanquished.

Vanquished Creatures (others)
  A rime drake (Lair:6)
  2 demonic plants (Gauntlet)
  2 plants
  8 withered plants (Gauntlet)
13 creatures vanquished.

Grand Total: 459 creatures vanquished

Notes
Turn   | Place    | Note
-------+----------+-------------------------------------------
     0 | D:1      | Fang the Gargoyle Berserker began the quest for the Orb.
     0 | D:1      | Reached XP level 1. HP: 14/14 MP: 1/1
   317 | D:1      | Reached XP level 2. HP: 17/19 MP: 2/2
   633 | D:1      | Reached XP level 3. HP: 21/23 MP: 3/3
   812 | D:1      | Reached ** piety under Trog
  1056 | D:2      | Found a shimmering blue altar of Sif Muna.
  1249 | D:2      | Found a sparkling altar of Nemelex Xobeh.
  1250 | D:2      | Found a glowing silver altar of Zin.
  1253 | D:2      | Found a stormy altar of Qazlal.
  1472 | D:2      | Reached XP level 4. HP: 17/29 MP: 4/4
  1997 | D:3      | Reached skill level 4 in Fighting
  2307 | D:3      | Noticed Robin
  2324 | D:3      | Killed Robin
  2324 | D:3      | Reached XP level 5. HP: 33/33 MP: 5/5
  2429 | D:3      | Reached *** piety under Trog
  3090 | D:4      | Reached XP level 6. HP: 35/39 MP: 6/6
  3462 | D:4      | Noticed Eustachio
  3565 | D:4      | Killed Eustachio
  3565 | D:4      | Reached skill level 5 in Fighting
  3565 | D:4      | Reached XP level 7. HP: 18/44 MP: 7/7
  4082 | D:4      | Found a staircase to the Ecumenical Temple.
  4432 | Temple   | Entered the Ecumenical Temple
  4465 | D:5      | Entered Level 5 of the Dungeon
  4515 | D:5      | Reached skill level 5 in Armour
  4519 | D:5      | Reached XP level 8. HP: 44/51 MP: 8/8
  4664 | D:5      | Reached skill level 6 in Fighting
  4664 | D:5      | Reached skill level 5 in Axes
  4780 | D:5      | Found a glowing drain.
  4800 | Sewer    | Entered a sewer
  4980 | D:5      | Found a sparkling altar of Nemelex Xobeh.
  5244 | D:6      | Reached **** piety under Trog
  5334 | D:6      | Found Funwom's Magic Scroll Boutique.
  5370 | D:6      | Noticed a wyvern
  5401 | D:6      | Killed a wyvern
  5516 | D:6      | Reached XP level 9. HP: 27/56 MP: 9/9
  5740 | D:6      | Found a hazy altar of Hepliaklqana.
  5820 | D:6      | Reached skill level 7 in Fighting
  5820 | D:6      | Reached skill level 5 in Dodging
  6762 | D:7      | Reached skill level 8 in Fighting
  7556 | D:8      | Found a staircase to the Lair.
  7722 | D:8      | Reached XP level 10. HP: 45/65 MP: 10/10
  8208 | D:9      | Found a staircase to the Orcish Mines.
  8228 | D:8      | Reached skill level 9 in Fighting
  8490 | D:9      | Paralysed by fainting for 8 turns
  8504 | D:9      | Paralysed by fainting for 7 turns
  8512 | D:9      | Paralysed by fainting for 5 turns
  8537 | D:9      | Noticed a white ugly thing
  8546 | D:9      | Killed a white ugly thing
  8785 | D:9      | You fall into a shaft and drop 3 floors!
  9201 | D:12     | Reached skill level 10 in Fighting
  9416 | D:12     | Reached ***** piety under Trog
  9588 | D:12     | Killed an unseen horror
  9588 | D:12     | Reached XP level 11. HP: 25/72 MP: 11/11
  9881 | D:12     | Noticed a purple ugly thing
  9890 | D:12     | Killed a purple ugly thing
 10660 | D:11     | Noticed a manticore
 10669 | D:11     | Killed a manticore
 10737 | D:11     | Found a gate leading to a gauntlet.
 10782 | D:11     | Killed an unseen horror
 10865 | Gauntlet | Entered a Gauntlet
 10865 | Gauntlet | Found a transporter.
 10865 | Gauntlet | Found a transporter.
 10995 | Gauntlet | Noticed a catoblepas
 10996 | Gauntlet | Found a transporter.
 11011 | Gauntlet | Found a transporter.
 11021 | Gauntlet | Noticed a balrug
 11025 | Gauntlet | Found a transporter.
 11038 | Gauntlet | Found a transporter.
 11053 | Gauntlet | Noticed a reaper
 11056 | Gauntlet | Found a transporter.
 11240 | Gauntlet | Found a transporter.
 11271 | Gauntlet | Found a transporter.
 11300 | Gauntlet | Reached skill level 11 in Fighting
 11367 | Gauntlet | Found a transporter.
 11404 | Gauntlet | Noticed a green death
 11404 | Gauntlet | Found a transporter.
 11436 | Gauntlet | Noticed a dire elephant
 11437 | Gauntlet | Killed a green death
 11581 | Gauntlet | Found a transporter.
 11595 | Gauntlet | Found a transporter.
 11603 | Gauntlet | Found a transporter.
 11804 | Gauntlet | Identified the ring "Qeongoast" {MP+9 Dex+3 SInv}
 11804 | Gauntlet | Noticed a minotaur
 11818 | Gauntlet | Reached skill level 10 in Axes
 11822 | Gauntlet | Killed a minotaur
 11822 | Gauntlet | Reached XP level 12. HP: 48/81 MP: 12/12
 12493 | D:12     | Reached skill level 12 in Fighting
 12618 | D:11     | Noticed a five-headed hydra
 12628 | D:11     | Killed an eight-headed hydra
 12945 | D:10     | Entered Level 10 of the Dungeon
 13001 | D:10     | Reached skill level 10 in Armour
 13251 | D:10     | Noticed Psyche
 13253 | D:10     | Paralysed by Psyche for 3 turns
 13258 | D:10     | Killed Psyche
 14184 | Lair:1   | Entered Level 1 of the Lair of Beasts
 14197 | Lair:1   | Paralysed by a floating eye for 3 turns
 14205 | Lair:1   | Paralysed by a floating eye for 2 turns
 14224 | Lair:1   | Received a gift from Trog
 15028 | Lair:2   | Found a hole to the Spider Nest.
 15039 | Lair:2   | Found a burning altar of Makhleb.
 15280 | Lair:2   | Reached skill level 13 in Fighting
 15590 | Lair:2   | Reached XP level 13. HP: 88/88 MP: 13/13
 16997 | Lair:4   | Found a staircase to the Shoals.
 17546 | Lair:5   | Noticed Adireryl's ghost (journeyman HOFi)
 17657 | Lair:5   | Found a runed translucent door.
 17666 | Lair:5   | Found a runed translucent gate.
 17668 | Lair:5   | Found a runed translucent gate.
 17668 | Lair:5   | Found a runed translucent gate.
 17683 | Lair:5   | Found a dark tunnel.
 17934 | Lair:5   | Found a viscous altar of Jiyva.
 17934 | Lair:5   | Found a staircase to the Slime Pits.
 18270 | Lair:6   | Entered Level 6 of the Lair of Beasts
 18280 | Lair:6   | Reached skill level 14 in Fighting
 18392 | Lair:6   | Killed from afar by a rime drake

Levels and vault maps discovered:
D:1:      evilmike_arrival_fibonacci_small, layout_basic
D:2:      layout_loops_corners, minitemple, lemuel_blue_sif_altar
D:3:      layout_loops_ring, first_ration, uniq_robin
D:4:      layout_basic, minmay_temple_entry_fiery, uniq_eustachio
D:5:      layout_cave_pools, basic_altar, portal_sewer_entry_d
D:6:      layout_loops_ring, nicolae_overflow_crystal_walls, serial_shops,
          nicolae_shop_behind_doors, corexii_hall_statues_i
D:7:      layout_basic, roderic_lattice_a
D:8:      layout_basic, dpeg_oklobed_lair
D:9:      layout_irregular_city, david_orc_2
D:10:     layout_roguey, serial_glass, glass_columns_a, glass_columns_b,
          the_bakery, uniq_psyche
D:11:     kennysheep_ambush_hall, layout_cave_pools, gauntlet_entry_generic
D:12:     layout_basic, kennysheep_windowed_goal
Temple:   compressed_dpeg_circular_temple
Lair:1:   layout_layer_cave, disabler_island, infiniplex_staircase_pool_2
Lair:2:   layout_loops_ring, spider_nest_entry_web_field, basic_altar,
          serial_bayou_shore_b
Lair:3:   layout_cave_pods
Lair:4:   layout_roguey, shoals_dummy_entry, st_stairs_10
Lair:5:   layout_hall_layers, slime_altar_2, gammafunk_ghost_icy,
          nicolae_volcano_entry_hallway, lemuel_fruit_fields,
          serial_bayou_shore_b, infiniplex_staircase_pool
Lair:6:   evilmike_catoblepas_cave, layout_small_grid,
          hellmonk_ghost_happy_afterlife, bobbens_dragon_lair_wall,
          minmay_lair_oklob_chamber

Skill      XL: |  1  2  3  4  5  6  7  8  9 10 11 12 13 |
---------------+----------------------------------------+-----
Axes           | 3 4 5 7 8 10 11 12 | 12.1
Dodging        | 2 3 4 5 6 7 8 |  8.7
Armour         | 3 4 5 6 7 8 9 10 11 | 11.1
Fighting       | 4 5 6 8 10 11 13 14 | 14.1

Action                   |  1- 3 |  4- 6 |  7- 9 | 10-12 | 13-15 || total
-------------------------+-------+-------+-------+-------+-------++-------
Melee: Hand axe          |    96 |   286 |   371 |       |       ||   753
       Battleaxe         |       |       |   272 |   591 |   254 ||  1117
Invok: Berserk           |       |     5 |     8 |    10 |     3 ||    26
       Trog's Hand       |       |     2 |     3 |     3 |     2 ||    10
       Brothers in Arms  |       |       |       |     1 |     1 ||     2
  Use: Scroll            |       |       |       |    19 |     6 ||    25
       Potion            |       |       |       |     1 |     1 ||     2
 Stab: Sleeping          |     1 |       |       |       |       ||     1
  Eat: Chunk             |     2 |     9 |    20 |    22 |    12 ||    65
       Ration            |       |     1 |     1 |     5 |       ||     7
Armor: Animal skin       |    40 |    72 |       |       |       ||   112
       Chain mail        |       |   158 |   274 |       |       ||   432
       Plate armour      |       |       |   598 |   916 |   309 ||  1823
Dodge: Dodged            |    76 |   190 |   570 |   481 |   250 ||  1567
